 Dungeon Crawl Stone Soup version 0.31-a0-345-g1ebeae05c6 (webtiles) character file.

Game seed: 5120897856491822127

114 Sabo the Chopper (level 4, -9/37 HPs)
             Began as a Demonspawn Monk on July 22, 2023.
             Killed by divine providence
             ... invoked by an orc priest
              (13 damage)
             ... on level 3 of the Dungeon.
             The game lasted 00:12:32 (2247 turns).

Sabo the Chopper (Demonspawn Monk)                  Turns: 2247, Time: 00:12:32

Health: -9/37      AC: 10    Str: 13    XL:     4   Next: 67%
Magic:  4/4        EV: 11    Int: 13    God:
Gold:   91         SH:  0    Dex: 16    Spells: 3/3 levels left

rFire   . . .        p - +2 hammer (heavy)
rCold   . . .        d - orb {light}
rNeg    . . .        h - +0 ring mail
rPois   .            (helmet restricted)
rElec   .            o - +0 cloak
rCorr   .            (no gloves)
SInv    .            (no boots)
Will    .....        (no amulet)
Stlth   +            j - +4 ring of protection
HPRegen 0.26/turn    (no ring)
MPRegen 0.18/turn

%: no passive effects
@: mighty, glowing
A: antennae 1, magic regeneration, big brain 1
a: no special abilities


You were on level 3 of the Dungeon.
You visited 1 branch of the dungeon, and saw 3 of its levels.

You collected 91 gold pieces.

Inventory:

Hand Weapons
 a - a +0 hand axe
 b - a +4 quarterstaff of chaos
 p - a +2 heavy hammer (weapon)
Missiles
 e - 2 throwing nets
Armour
 d - an orb of light (worn)
 h - a +0 ring mail (worn)
 o - a +0 cloak (worn)
Jewellery
 j - a +4 ring of protection (left hand)
Scrolls
 g - 3 scrolls of revelation
 n - a scroll of amnesia {unknown}
Potions
 c - a potion of ambrosia
 f - a potion of might
 i - a potion of haste
 k - a potion of magic {unknown}
 m - a potion of lignification {unknown}


   Skills:
 + Level 3.7 Fighting
 + Level 3.8 Axes
 + Level 1.3 Armour
 + Level 3.2 Dodging


You had 3 spell levels left.
You didn't know any spells.
Your spell library contained the following spells:

 Spells                   Type           Power      Damage    Failure   Level
 Blink                    Tloc           0%         N/A       69%         2
 Lesser Beckoning         Tloc           0%         N/A       69%         2
 Momentum Strike          Conj/Tloc      0%         3d8       69%         2


Dungeon Overview and Level Annotations

Branches:
Dungeon (3/15)

Altars:


Innate Abilities, Weirdness & Mutations

You have a pair of small antennae on your head.
You regenerate magic rapidly.
You have an unusually large brain. (Int +2)


Message History

There is a stone staircase leading down here.
You drop 2 scrolls of vulnerability.
There is a stone staircase leading down here.
You climb downwards.
The orc priest shouts! x2; The orc shouts!
Found 14 gold pieces.
There is a stone staircase leading up here.
An orc comes into view. It is wielding a +0 dagger.
The orc shouts!
The orc priest mumbles some strange prayers to Beogh against you.
Beogh smites you! The orc closely misses you.
You sock the orc!
You kill the orc!
You feel a little less mighty now.
You see here a +0 hand axe.
The orc attacks as you move away! The orc hits you but does no damage.
You sock the orc!
You kill the orc!
The orc priest hits you but does no damage.
The orc priest barely misses you.
The orc priest hits you with a +0 trident.
The orc priest attacks as you move away!
The orc priest hits you with a +0 trident.
The orc priest mumbles some strange prayers to Beogh against you.
Pain shoots through your body!
* * * LOW HITPOINT WARNING * * *
The worm bites you.
* * * LOW HITPOINT WARNING * * *
Things that are here:
a +0 dagger; a +0 hand axe; an orc corpse You feel very mighty all of a sudden.
The orc priest miscasts a cantrip.
The orc priest hits you from afar with a +0 trident.
* * * LOW HITPOINT WARNING * * *
You thump the worm!
The worm is almost dead.
The orc priest invokes the aid of Beogh against you.
Beogh smites you!
You die...

#.. ##...#.#
###..##......##
...............
#............
####........#...
........<.......
####......$.....
.......w........
#.....#@###.....
#.##..#o# ###..
.......o# .
#.##..### # #..
##


You could see a worm and 2 orc priests.

Vanquished Creatures
  Crazy Yiuf (D:2)
  Natasha (D:2)
  A dart slug (D:2)
  2 orcs (D:3)
  3 bats
  4 endoplasms
  3 giant cockroaches
  4 goblins
  7 hobgoblins
  4 kobolds (D:1)
  2 quokkas (D:1)
  10 ball pythons
  9 frilled lizards (D:2)
  4 rats
55 creatures vanquished.

Notes
Turn   | Place    | Note
-------+----------+-------------------------------------------
     0 | D:1      | Sabo the Demonspawn Monk began the quest for the Orb.
     0 | D:1      | Reached XP level 1. HP: 18/18 MP: 1/1
   112 | D:1      | Gained mutation: You have a pair of small antennae on your
                  | head. [demonic ancestry]
   112 | D:1      | Reached XP level 2. HP: 24/24 MP: 2/2
   651 | D:1      | Gained mutation: You have an unusually large brain. (Int
                  | +2) [demonic ancestry]
   651 | D:1      | Reached XP level 3. HP: 29/29 MP: 3/3
  1503 | D:2      | Found a runed translucent door.
  1706 | D:2      | Noticed Natasha
  1719 | D:2      | Killed Natasha
  1720 | D:2      | Gained mutation: You regenerate magic rapidly. [demonic
                  | ancestry]
  1720 | D:2      | Reached XP level 4. HP: 28/37 MP: 4/4
  1876 | D:2      | Reached skill level 1 in Armour
  2180 | D:2      | Noticed Crazy Yiuf
  2188 | D:2      | Killed Crazy Yiuf
  2247 | D:3      | Killed from afar by an orc priest

Illustrated notes

Levels and vault maps discovered:
D:1:      dpeg_arrival_pits, layout_loops_ring, nicolae_eternal_life,
          minmay_misc_feat_four_crosses
D:2:      layout_loops_corners, kennysheep_big_empty_room, minmay_lizard_king,
          uniq_crazy_yiuf_cottage, uniq_natasha
D:3:      layout_loops_ring, minmay_misc_feat_rows, uniq_terence

Skill      XL: |  1  2  3  4 |
---------------+-------------+-----
Axes           | 3 |  3.8
Dodging        | 3 |  3.2
Armour         | 1 |  1.3
Fighting       | |  3.7

Action                     |  1- 3 |  4- 6 || total
---------------------------+-------+-------++-------
  Melee: Hand axe          |   116 |    12 ||   128
         Mace              |       |     3 ||     3
    Use: Scroll            |     3 |     1 ||     4
         Potion            |       |     2 ||     2
 Armour: Ring mail         |    39 |     8 ||    47
         Robe              |     2 |       ||     2
  Dodge: Dodged            |    73 |    13 ||    86

Table legend: (Time is in decaauts)
 A = Elapsed time spent in this place.
 B = Non-inter-level travel time spent in this place.
 C = Inter-level travel time spent in this place.
 D = Time resting spent in this place.
 E = Time spent auto-exploring this place.
 F = Levels seen in this place.
 G = Mean time per level.
                   A        B        C        D        E       F      G
               +--------+--------+--------+--------+--------+-----+--------+
         Total |   2265 |   2265 |      0 |    204 |      0 |   3 |  755.0 |
       Dungeon |   2265 |   2265 |      0 |    204 |      0 |   3 |  755.0 |
               +--------+--------+--------+--------+--------+-----+--------+

Top non-repeatable levels by time:
     D:2: 1313 daAuts
     D:1: 940 daAuts
     D:3: 11 daAuts
